 Dungeon Crawl Stone Soup version 0.17-a0-957-ga3519be (webtiles) character file.

81 oplop the Gusty (level 4, 0/24 HPs)
             Began as a Tengu Air Elementalist on May 7, 2015.
             Succumbed to an adder's poison
             ... on level 3 of the Dungeon.
             The game lasted 00:05:59 (2094 turns).

oplop the Gusty (Tengu Air Elementalist)            Turns: 2094, Time: 00:06:00

Health: 0/24       AC:  3    Str:  8    XL:     4   Next: 42%
Magic:  3/9        EV: 22    Int: 17    God:
Gold:   113        SH:  0    Dex: 19    Spells: 4 memorised, 0 levels left

rFire  + . .     SeeInvis +     m - +0 short sword (freeze)
rCold  + . .     Clarity  .     a - +0 robe
rNeg   . . .     SustAb   .     (no shield)
rPois  +         Gourm    .     k - +1 hat
rElec  +         Spirit   .     (no cloak)
rCorr  +         Warding  .     (no gloves)
rMut   .         Stasis   .     (boots unavailable)
MR     .....                    (no amulet)
Stlth  +++.......               (no ring)
                                h - ring of see invisible

@: agile, lethally poisoned (0 -> -6), resistant, flying quickly and evasively,
very slightly contaminated, hasted, very quick, not resistant to hostile
enchantments, fairly stealthy
A: beak, talons 3
a: no special abilities


You were on level 3 of the Dungeon.
You were not hungry.

You visited 1 branch of the dungeon, and saw 3 of its levels.

You collected 113 gold pieces.

Inventory:

Hand weapons
 m - a +0 short sword of freezing (weapon)
Armour
 a - a +0 robe (worn)
 k - a +1 hat (worn)
Jewellery
 h - a ring of see invisible (left hand)
Scrolls
 d - a scroll of blinking {unknown}
 e - a scroll of teleportation {unknown}
 f - a scroll of random uselessness {unknown}
 i - 3 scrolls of noise {unknown}
 j - a scroll of remove curse {unknown}
 l - 3 scrolls of identify {unknown}
 p - a scroll of fog {unknown}
Potions
 g - a potion of resistance
Books
 b - a book of Air

   Spells                             Type                      Level
   a - Shock                          Conjuration/Air              1
   b - Swiftness                      Charms/Air                   2
   c - Repel Missiles                 Charms/Air                   2
   d - Flight                         Charms/Air                   3
   e - Static Discharge               Conjuration/Air              3
   f - Lightning Bolt                 Conjuration/Air              5
Comestibles
 c - 2 bread rations
 o - a beef jerky
 r - 2 chunks of flesh


   Skills:
 + Level 2.8 Dodging
 + Level 2.1 Stealth
 + Level 0.2 Unarmed Combat
 + Level 2.8 Spellcasting
 + Level 2.2 Conjurations
 + Level 5.0 Air Magic


You couldn't memorise any spells.
You knew the following spells:

 Your Spells              Type           Power        Failure   Level  Hunger
a - Shock                 Conj/Air       ##..         4%          1    #......
b - Static Discharge      Conj/Air       ##......     14%         3    ###....
c - Repel Missiles        Chrm/Air       ##....       12%         2    ##.....
d - Swiftness             Chrm/Air       ##......     12%         2    ##.....


Dungeon Overview and Level Annotations

Branches:
Dungeon (3/15)

Altars:
Ashenzari
Nemelex Xobeh

Annotations:
D:3 Purgy


Innate Abilities, Weirdness & Mutations

You have a beak for a mouth.
You have claws for feet.


Message History

* * * LOW HITPOINT WARNING * * *
You feel sick.
There is a lethal amount of poison in your body!
Drink which item? (? for menu, Esc to quit)
It was a potion of resistance.
You feel protected.
Drink which item? (? for menu, Esc to quit)
It was a potion of flight.
You feel very buoyant.
You swoop lightly up into the air.
* * * LOW HITPOINT WARNING * * *
You feel sick. 2 jackals come into view.
Drink which item? (? for menu, Esc to quit)
It was a potion of haste.
You feel yourself speed up.
You are very lightly contaminated with residual magic.
Drink which item? (? for menu, Esc to quit)
It was a potion of agility.
You feel agile all of a sudden.
You die...

#.# #....... #.#
#.###.## #.#
#.#. #.# #...
#.# ###. #.# .
## #.# ..# #
#.######.#.....
#
#......@.....h.#
##########..h..#
...h## .....
#####


You could see 3 jackals.

Vanquished Creatures
  Natasha (D:2)
  An adder (D:3)
  2 worms
  A ball python (D:2)
  4 bats
  3 giant cockroaches
  3 goblins
  6 hobgoblins
  4 jackals (D:3)
  5 kobolds
  4 giant geckos
  A giant newt (D:2)
  2 rats
37 creatures vanquished.

Notes
Turn   | Place    | Note
--------------------------------------------------------------
     0 | D:1      | oplop, the Tengu Air Elementalist, began the quest for the Orb.
     0 | D:1      | Reached XP level 1. HP: 10/10 MP: 4/4
    99 | D:1      | Found a shattered altar of Ashenzari.
   324 | D:1      | Reached XP level 2. HP: 3/15 MP: 0/6
   896 | D:2      | Found a sparkling altar of Nemelex Xobeh.
  1150 | D:2      | Reached XP level 3. HP: 19/19 MP: 7/7
  1262 | D:2      | Noticed Natasha
  1266 | D:2      | Killed Natasha
  1266 | D:2      | Reached skill level 5 in Air Magic
  1463 | D:2      | Reached XP level 4. HP: 24/24 MP: 6/8
  1676 | D:3      | Noticed Purgy
  1924 | D:3      | Learned a level 3 spell: Static Discharge
  1990 | D:3      | Learned a level 2 spell: Repel Missiles
  1993 | D:3      | Learned a level 2 spell: Swiftness
  2092 | D:3      | HP: 1/24 [poisoned by an adder]
  2094 | D:3      | Succumbed to an adder's poison

Action                   |  1- 3 |  4- 6 || total
-------------------------+-------+-------++-------
Melee: Unarmed           |    14 |       ||    14
       Short sword       |    20 |    17 ||    37
 Cast: Shock             |    48 |    18 ||    66
       Static Discharge  |       |     2 ||     2
  Use: Potion            |       |     4 ||     4
 Stab: Sleeping          |       |     1 ||     1
  Eat: Chunk             |     2 |     3 ||     5
